 Dungeon Crawl Stone Soup version 0.32-a0-422-g28b100f618 (webtiles) character file.

Game seed: 10356039476697980571

77 Aldia the Cudgeller (level 4, -6/38 HPs)
             Began as a Gnoll Reaver on Feb 21, 2024.
             Mangled by an orc
             ... wielding a +0 flail
              (9 damage)
             ... on level 3 of the Dungeon.
             The game lasted 00:02:12 (2088 turns).

Aldia the Cudgeller (Gnoll Reaver)                  Turns: 2088, Time: 00:02:12

Health: -6/38      AC:  3    Str: 12    XL:     4   Next: 33%
Magic:  11/11      EV: 12    Int: 14    God:
Gold:   148        SH:  0    Dex: 10    Spells: 6/13 levels left

rFire   . . .        a - +1 mace
rCold   . . .        (no shield)
rNeg    . . .        b - +0 leather armour
rPois   .            (no helmet)
rElec   .            (no cloak)
rCorr   .            (no gloves)
SInv    .            (no boots)
Will    .....        (no amulet)
Stlth   +            (no ring)
HPRegen 0.26/turn    (no ring)
MPRegen 0.12/turn

%: no passive effects
@: no status effects
A: fangs 1, strong nose, distributed training
a: no special abilities


You were on level 3 of the Dungeon.
You visited 1 branch of the dungeon, and saw 3 of its levels.

You collected 148 gold pieces.

Inventory:

Hand Weapons
 a - a +1 mace (weapon)
Armour
 b - a +0 leather armour (worn)
Scrolls
 c - a scroll of fog
 d - a scroll of enchant weapon
 e - a scroll of butterflies {unknown}
 g - a scroll of torment {unknown}
 h - a scroll of fear {unknown}
 k - a scroll of amnesia {unknown}
Potions
 f - a potion of mutation
 i - 2 potions of heal wounds
 j - a potion of lignification {unknown}
 l - a potion of degeneration {unknown}


   Skills:
 + Level 4.6 Fighting
 + Level 1.1 Short Blades
 + Level 1.1 Long Blades
 + Level 1.1 Axes
 + Level 6.6 Maces & Flails
 + Level 1.1 Polearms
 + Level 1.1 Staves
 + Level 1.1 Ranged Weapons
 + Level 1.1 Throwing
 + Level 1.1 Armour
 + Level 4.6 Dodging
 + Level 1.1 Stealth
 + Level 1.1 Shields
 + Level 1.1 Unarmed Combat
 + Level 5.1 Spellcasting
 + Level 5.4 Conjurations
 + Level 0.9 Hexes
 + Level 0.9 Summonings
 + Level 0.9 Necromancy
 + Level 0.9 Translocations
 + Level 0.9 Fire Magic
 + Level 0.9 Ice Magic
 + Level 0.9 Air Magic
 + Level 0.9 Earth Magic
 + Level 0.9 Alchemy
 + Level 1.2 Invocations
 + Level 1.1 Evocations
 + Level 1.0 Shapeshifting


You had 6 spell levels left.
You knew the following spells:

 Your Spells              Type           Power      Damage    Failure   Level
a - Kiss of Death         Conj/Necr      48%        2d9       6%          1
b - Momentum Strike       Conj/Tloc      24%        3d8       9%          2
c - Hailstorm             Conj/Ice       12%        3d6       19%         3
d - Apportation           Tloc           12%        N/A       16%         1

Your spell library contained the following spells:

 Spells                   Type           Power      Damage    Failure   Level
 Sting                    Conj/Alch      48%        1d6       6%          1
 Necrotise                Necr           24%        1d5       16%         1
 Summon Small Mammal      Summ           24%        N/A       16%         1
 Ensorcelled Hibernation  Hex/Ice        12%        N/A       22%         2
 Fugue of the Fallen      Necr           6%         N/A       41%         3
 Anguish                  Hex/Necr       3%         N/A       83%         4
 Animate Armour           Summ/Erth      12%        N/A       83%         4
 Summon Lightning Spire   Summ/Air       6%         N/A       83%         4
 Lee's Rapid Deconstruct  Erth           3%         3d5*      99%         5


Dungeon Overview and Level Annotations

Branches:
Dungeon (3/15)

Altars:
Nemelex Xobeh


Innate Abilities, Weirdness & Mutations

You have very sharp teeth.
Your uncanny sense of smell can sniff out nearby items.
Your experience applies equally to all skills.


Message History

You kill the orc!
No target in view!
No target in view!
You pick up a book of Iron and begin reading...
You add the spells Summon Lightning Spire, Animate Armour and Lee's Rapid Deconstruction to your library.
Okay, then.
Unknown command.
An iguana comes into view.
Found a scroll labelled QAUVYM ANECWI.
Found a stone staircase leading down.
The iguana hisses angrily.
An orc comes into view. It is wielding a +0 flail.
There are monsters nearby!
The iguana bites you!
You hit the iguana but do no damage. The iguana barely misses you.
You hit the iguana.
The iguana is lightly wounded.
The iguana bites you.
You barely miss the iguana.
The iguana is lightly wounded.
The iguana closely misses you. The orc completely misses you.
You thump the iguana!
The iguana is heavily wounded.
The iguana closely misses you. The orc hits you but does no damage.
You closely miss the iguana.
The iguana is heavily wounded.
The iguana barely misses you. The orc misses you.
You hit the iguana but do no damage.
The iguana is heavily wounded.
The iguana bites you!
* * * LOW HITPOINT WARNING * * *
The orc barely misses you.
You hit the iguana.
The iguana is severely wounded.
The iguana misses you. The orc hits you with a +0 flail!
* * * LOW HITPOINT WARNING * * *
You hit the iguana. Your bite misses the iguana.
The iguana is almost dead.
The iguana bites you but does no damage.
The orc hits you with a +0 flail!
You die...

... .>. #########.##.. ∆
#.......#....
######.......#..?
.....#.......#..
.....#.).....#.# # .
.....#.......#.###.#....
.....'..........@l.....#
.....#########...o.....#
.....# #####.#....
.....# .# ... ...### . .
...# .. ...###### ∆..
##......# ... #......#


You could see an iguana and an orc.

Vanquished Creatures
  2 adders
  3 dart slugs (D:1)
  An orc (D:3)
  6 ball pythons
  An endoplasm (D:1)
  A giant cockroach (D:1)
  4 hobgoblins
  A kobold (D:1)
  2 bats
  A frilled lizard (D:2)
  4 goblins
  5 rats
31 creatures vanquished.

Notes
Turn   | Place    | Note
-------+----------+-------------------------------------------
     0 | D:1      | Aldia the Gnoll Reaver began the quest for the Orb.
     0 | D:1      | Reached XP level 1. HP: 20/20 MP: 6/6
   108 | D:1      | Reached XP level 2. HP: 14/26 MP: 7/7
   465 | D:1      | Reached skill level 5 in Spellcasting
   465 | D:1      | Reached XP level 3. HP: 26/30 MP: 7/9
   474 | D:1      | Learned a level 2 spell: Momentum Strike
   478 | D:1      | Learned a level 3 spell: Hailstorm
   480 | D:1      | Learned a level 1 spell: Apportation
   759 | D:1      | Reached skill level 1 in Invocations
  1104 | D:2      | Found a sparkling altar of Nemelex Xobeh.
  1202 | D:2      | Reached skill level 1 in Short Blades
  1202 | D:2      | Reached skill level 1 in Long Blades
  1202 | D:2      | Reached skill level 1 in Axes
  1202 | D:2      | Reached skill level 1 in Polearms
  1202 | D:2      | Reached skill level 1 in Staves
  1202 | D:2      | Reached skill level 1 in Ranged Weapons
  1202 | D:2      | Reached skill level 1 in Throwing
  1202 | D:2      | Reached skill level 1 in Armour
  1202 | D:2      | Reached skill level 1 in Stealth
  1202 | D:2      | Reached skill level 1 in Shields
  1202 | D:2      | Reached skill level 1 in Unarmed Combat
  1202 | D:2      | Reached skill level 1 in Evocations
  1692 | D:2      | Found a faded altar of an unknown god.
  1792 | D:2      | Reached skill level 1 in Shapeshifting
  1792 | D:2      | Reached XP level 4. HP: 38/38 MP: 11/11
  2088 | D:3      | Mangled by an orc

Illustrated notes

Levels and vault maps discovered:
D:1:      lemuel_arrival_muddy, layout_basic, minmay_stone_trees_large
D:2:      layout_loops_ring, basic_altar, shapermc_ecumenical_altar_hornbeckon,
          hangedman_decor_points, chequers_hall_statues_corner_a
D:3:      layout_basic

Skill      XL: |  1  2  3 |
---------------+----------+-----
Spellcasting   | 5 |  5.1
Invocations    | 1 |  1.2
Short Blades   | 1 |  1.1
Long Blades    | 1 |  1.1
Axes           | 1 |  1.1
Polearms       | 1 |  1.1
Staves         | 1 |  1.1
Ranged Weapons | 1 |  1.1
Throwing       | 1 |  1.1
Armour         | 1 |  1.1
Stealth        | 1 |  1.1
Shields        | 1 |  1.1
Unarmed Combat | 1 |  1.1
Evocations     | 1 |  1.1
Shapeshifting  | 1 |  1.0
Fighting       | |  4.6
Maces & Flails | |  6.6
Dodging        | |  4.6
Conjurations   | |  5.4
Hexes          | |  0.9
Summonings     | |  0.9
Necromancy     | |  0.9
Translocations | |  0.9
Fire Magic     | |  0.9
Ice Magic      | |  0.9
Air Magic      | |  0.9
Earth Magic    | |  0.9
Alchemy        | |  0.9

Action                     |  1- 3 |  4- 6 || total
---------------------------+-------+-------++-------
  Melee: Mace              |    83 |    22 ||   105
         Bite              |     4 |     1 ||     5
   Cast: Kiss of Death     |     1 |       ||     1
    Use: Scroll            |     2 |     2 ||     4
   Stab: Sleeping          |     1 |       ||     1
 Armour: Leather armour    |    55 |    17 ||    72
  Dodge: Dodged            |    41 |    13 ||    54

Table legend: (Time is in decaauts)
 A = Elapsed time spent in this place.
 B = Non-inter-level travel time spent in this place.
 C = Inter-level travel time spent in this place.
 D = Time resting spent in this place.
 E = Time spent auto-exploring this place.
 F = Levels seen in this place.
 G = Mean time per level.
                   A        B        C        D        E       F      G
               +--------+--------+--------+--------+--------+-----+--------+
         Total |   2106 |   1957 |    149 |      0 |   1687 |   3 |  702.0 |
       Dungeon |   2106 |   1957 |    149 |      0 |   1687 |   3 |  702.0 |
               +--------+--------+--------+--------+--------+-----+--------+

Top non-repeatable levels by time:
     D:1: 1099 daAuts
     D:2: 836 daAuts
     D:3: 170 daAuts
